Crunch vs Wolfpack
(R1)
Created - October 27, 2023 at 19:28
Goals
|
Crunch |
1 |
2 |
2 |
0 |
5 |
Wolfpack |
2 |
1 |
2 |
1 |
6 |
|
Shots
|
Crunch |
6 |
8 |
7 |
2 |
23 |
Wolfpack |
19 |
3 |
11 |
1 |
34 |
|
1st period
1. Wolfpack , Jake Marchment 1 (Dryden Hunt 3) at 9:54
2. Wolfpack , Samuel Blais 5 (Casey Mittelstadt 2, Ryan Culkin 3) at 13:10
3. Crunch , Brandon Biro 1 (Liam Foudy 2, Gustav Lindstrom 4) at 18:14
Penalties :
Gustav Lindstrom (Syr) for Tripping (Minor) at 2:37, Axel Holmstrom (Syr) for Goalie Interference (Minor) at 10:11, Axel Holmstrom (Syr) for Tripping (Minor) at 19:52
2nd period
4. Crunch , Brandon Biro 2 (Ryan Lindgren 3) at 2:02
5. Wolfpack , Derrick Pouliot 1 (Unassisted) at 4:02 (SH)
6. Crunch , Anatoli Golyshev 3 (Liam O'Brien 1, Maxime Comtois 5) at 17:45
Penalties :
Alexander Barabanov (Har) for Tripping (Minor) at 2:11, Derrick Pouliot (Har) for Hooking (Minor) at 4:06, Derrick Pouliot (Har) for High sticking (Double Minor) at 6:54, Gustav Lindstrom (Syr) for Interference (Minor) at 15:25
3rd period
7. Wolfpack , Samuel Blais 6 (Derrick Pouliot 7) at 4:54 (SH)
8. Wolfpack , David Pope 2 (Derrick Pouliot 8, Connor Chatam 2) at 16:00 (PP)
9. Crunch , Brandon Hagel 4 (Robert Thomas 4, Axel Holmstrom 1) at 16:22
10. Crunch , Anatoli Golyshev 4 (Gustav Lindstrom 5, Ryan Lindgren 4) at 18:08
Penalties :
Axel Holmstrom (Syr) for High sticking (Minor) at 0:49, Joshua Jacobs (Har) for Boarding (Minor) at 4:21, Ty Dellandrea (Syr) for Slashing (Minor) at 7:16, Michael Downing (Syr) for Hooking (Minor) at 10:43, Axel Holmstrom (Syr) for Delaying the game (Minor) at 10:51, Connor Bunnaman (Syr) for Hooking (Minor) at 14:48
Overtime #1
11. Wolfpack , Jake Marchment 2 (Steven Santini 9, Sebastian Collberg 1) at 1:18
Penalties :
No Penalty
Goalie Stats
Louis Domingue (Syr), 28 saves from 34 shots - (0.824), OTL, 1-0-2, 61:18 minutes
Mike Condon (Har), 18 saves from 23 shots - (0.783), W, 2-0-0, 61:18 minutes
Players Stats for Crunch
Player Name G A P +/- PIM S H SB GA TA FO MP PP MP PK MP
------------------------------------------------------------------------------------
Anatoli Golyshev 2 0 2 2 0 4 0 0 0 1 3/6 14:08 0:35 4:37
Axel Holmstrom 0 1 1 2 8 2 2 0 1 0 15/27 20:32 5:08 4:14
Brandon Biro 2 0 2 1 0 3 1 0 0 0 0/0 7:58 0:35 0:54
Brandon Hagel 1 0 1 0 0 2 2 2 2 1 0/0 23:44 5:08 7:26
Cam Hillis 0 0 0 0 0 0 0 0 0 0 2/2 9:20 0:00 2:54
Connor Bunnaman 0 0 0 -3 2 0 4 2 0 0 6/15 15:51 4:09 2:39
Dalton Thrower 0 0 0 -2 0 3 0 3 3 1 0/0 29:42 5:09 9:18
Gustav Lindstrom 0 2 2 1 4 1 1 0 0 0 0/0 20:38 4:43 4:21
Jeremy Bracco 0 0 0 -2 0 0 1 0 1 0 2/2 14:34 5:18 0:00
Liam Foudy 0 1 1 0 0 2 1 0 0 0 0/0 6:18 0:00 0:00
Liam O'Brien 0 1 1 3 0 3 3 0 0 0 5/7 9:36 0:00 0:48
Maxime Comtois 0 1 1 -3 0 0 2 1 1 0 0/0 18:26 4:09 4:54
Michael Downing 0 0 0 1 2 2 0 0 0 0 0/0 11:17 0:00 1:42
Robert Thomas 0 1 1 -1 0 0 1 0 1 0 2/3 15:35 4:09 0:00
Ryan Lindgren 0 2 2 1 0 0 1 2 0 0 0/0 22:03 4:43 5:55
Scott Perunovich 0 0 0 1 0 0 1 0 0 1 0/0 9:33 0:00 0:00
Sean Walker 0 0 0 -1 0 0 2 3 0 0 0/0 28:24 5:09 9:18
Ty Dellandrea 0 0 0 2 2 1 0 0 0 0 0/0 9:02 0:25 0:00
Players Stats for Wolfpack
Player Name G A P +/- PIM S H SB GA TA FO MP PP MP PK MP
------------------------------------------------------------------------------------
Alex Barre-Boulet 0 0 0 -4 0 1 1 0 0 0 2/7 9:29 0:00 0:00
Alexander Barabanov 0 0 0 -4 2 1 0 0 0 0 1/1 10:02 0:00 0:17
Casey Mittelstadt 0 1 1 1 0 1 1 0 1 0 11/27 21:10 8:36 2:57
Colton White 0 0 0 1 0 1 2 0 0 1 0/0 23:47 7:23 5:03
Connor Chatam 0 1 1 0 0 5 2 0 0 1 0/0 18:26 6:45 2:02
David Pope 1 0 1 0 0 7 2 0 0 0 2/4 21:23 6:24 4:44
Derrick Pouliot 1 2 3 -1 6 2 1 2 1 2 0/0 25:07 7:50 2:06
Dryden Hunt 0 1 1 1 0 3 0 0 0 0 0/1 7:46 0:13 1:14
Jake Marchment 2 0 2 2 0 3 0 0 0 0 4/10 12:34 0:15 4:55
Joshua Jacobs 0 0 0 -1 2 0 1 0 0 0 0/0 11:10 0:00 1:24
K'Andre Miller 0 0 0 -1 0 1 0 0 0 0 0/0 12:33 0:00 2:50
Linus Sandin 0 0 0 1 0 1 0 0 0 0 0/0 6:19 0:00 0:00
Nolan Patrick 0 0 0 0 0 1 0 1 0 0 6/10 15:27 6:22 0:32
Owen Tippet 0 0 0 0 0 1 5 0 0 0 0/0 16:39 8:03 0:00
Ryan Culkin 0 1 1 1 0 0 3 1 0 2 0/0 21:33 7:23 3:09
Samuel Blais 2 0 2 2 0 4 2 1 2 1 1/2 22:04 8:36 2:58
Sebastian Collberg 0 1 1 -3 0 0 1 0 0 0 0/0 10:37 0:25 0:00
Steven Santini 0 1 1 0 0 2 3 1 0 2 0/0 27:47 7:50 5:11
3 Stars
1 - Samuel Blais (Har)
2 - Jake Marchment (Har)
3 - Anatoli Golyshev (Syr)
Power Play
Crunch - 0 on 5 Attempt(s) - 0.00%
Wolfpack - 1 on 9 Attempt(s) - 11.11%
Penalty Kill
Crunch - 8 on 9 Attempt(s) - 88.89%
- Score 0 goal in Penalty Kill
Wolfpack - 5 on 5 Attempt(s) - 100.00%
- Score 2 goal in Penalty Kill
Team Stat
Crunch - Hits : 22 - Faceoff Wins : 35 - Blocked Shots : 13 - Penalty Minutes : 18
Wolfpack - Hits : 24 - Faceoff Wins : 27 - Blocked Shots : 6 - Penalty Minutes : 10
Official
Referees : TJ Luxmore and Francis Charron
Linesman : David Brisebois and Andrew Smith
Game Notes
4:02 of 2nd period - Penalty Shot by Derrick Pouliot for Wolfpack - Goal!
Finance
Level 1 -- Attendance: 1682 (84.10%) -- Ticket Income $117,740
Level 2 -- Attendance: 920 (92.00%) -- Ticket Income $36,800
Total Attendance: 2602 (86.73%)
Total Ticket Income: $154,540
Other Income: $7,727
Total Income: $162,267
Crunch
5 vs 5 Forward
Center Left Wing Right Wing Time % Phy DF OF
1 Axel Holmstrom Brandon Hagel Robert Thomas 40 1 2 2
2 Connor Bunnaman Maxime Comtois Jeremy Bracco 30 1 2 2
3 Liam O'Brien Anatoli Golyshev Ty Dellandrea 20 1 2 2
4 Cam Hillis Brandon Biro Liam Foudy 10 1 2 2
5 vs 5 Defense
Defense Defense Time % Phy DF OF
1 Dalton Thrower Sean Walker 40 1 2 2
2 Ryan Lindgren Gustav Lindstrom 30 1 2 2
3 Michael Downing Scott Perunovich 20 1 2 2
4 Dalton Thrower Sean Walker 10 1 2 2
PowerPlay Forward
Center Left Wing Right Wing Time % Phy DF OF
1 Axel Holmstrom Brandon Hagel Jeremy Bracco 60 1 2 2
2 Connor Bunnaman Maxime Comtois Robert Thomas 40 1 2 2
PowerPlay Defense
Defense Defense Time % Phy DF OF
1 Dalton Thrower Sean Walker 60 1 2 2
2 Ryan Lindgren Gustav Lindstrom 40 1 2 2
Penalty Kill 4 Players Forward
Center Wing Time % Phy DF OF
1 Axel Holmstrom Brandon Hagel 60 1 2 2
2 Connor Bunnaman Maxime Comtois 40 1 2 2
Penalty Kill 4 Players Defense
Defense Defense Time % Phy DF OF
1 Dalton Thrower Sean Walker 60 1 2 2
2 Ryan Lindgren Gustav Lindstrom 40 1 2 2
Penalty Kill - 3 Players Forward
Forward Time % Phy DF OF
1 Axel Holmstrom 60 1 2 2
2 Connor Bunnaman 40 1 2 2
Penalty Kill - 3 Players Defense
Defense Defense Time % Phy DF OF
1 Dalton Thrower Sean Walker 60 1 2 2
2 Ryan Lindgren Gustav Lindstrom 40 1 2 2
4 vs 4 Forward
Center Wing Time % Phy DF OF
1 Axel Holmstrom Brandon Hagel 60 1 2 2
2 Connor Bunnaman Maxime Comtois 40 1 2 2
4 vs 4 Defense
Defense Defense Time % Phy DF OF
1 Dalton Thrower Sean Walker 60 1 2 2
2 Ryan Lindgren Gustav Lindstrom 40 1 2 2
Last Minutes Offensive
Center Left Wing Right Wing Defense Defense
Axel Holmstrom Brandon Hagel Jeremy Bracco Dalton Thrower Sean Walker
Last Minutes Defensive
Center Left Wing Right Wing Defense Defense
Axel Holmstrom Brandon Hagel Jeremy Bracco Dalton Thrower Sean Walker
Goaltenders
Starting : Louis Domingue
Backup : Lukas Dostal
Extra Forwards
Normal : Anatoli Golyshev, Axel Holmstrom, Connor Bunnaman - PP : Anatoli Golyshev, Axel Holmstrom - PK : Anatoli Golyshev
Extra Defensemen
Normal : Gustav Lindstrom, Michael Downing, Scott Perunovich - PP : Gustav Lindstrom - PK : Gustav Lindstrom, Michael Downing
Penalty Shots
Brandon Hagel, Jeremy Bracco, Robert Thomas, Maxime Comtois, Anatoli Golyshev
Custom OT Lines Forwards
Brandon Hagel, Jeremy Bracco, Robert Thomas, Maxime Comtois, Anatoli Golyshev, Axel Holmstrom, Connor Bunnaman, Liam O'Brien, Ty Dellandrea, Brandon Biro
Custom OT Lines Defensemen
Dalton Thrower, Sean Walker, Ryan Lindgren, Gustav Lindstrom, Michael Downing
Scratches
Joe Veleno (Bruised Right Arm Injury), Blake Lizotte (Healthy), Blake Hillman (Healthy), Jordan Oesterle (Healthy), Kaapo Kahkonen (Healthy)
Josef Korenar (Healthy)
Wolfpack
5 vs 5 Forward
Center Left Wing Right Wing Time % Phy DF OF
1 Casey Mittelstadt Samuel Blais Connor Chatam 40 1 2 2
2 Nolan Patrick David Pope Owen Tippet 30 1 2 2
3 Alex Barre-Boulet Alexander Barabanov Sebastian Collberg 20 1 2 2
4 Jake Marchment Dryden Hunt Linus Sandin 10 1 2 2
5 vs 5 Defense
Defense Defense Time % Phy DF OF
1 Derrick Pouliot Steven Santini 40 1 2 2
2 Ryan Culkin Colton White 30 1 2 2
3 K'Andre Miller Joshua Jacobs 20 1 2 2
4 Derrick Pouliot Steven Santini 10 1 2 2
PowerPlay Forward
Center Left Wing Right Wing Time % Phy DF OF
1 Casey Mittelstadt Samuel Blais Owen Tippet 60 1 2 2
2 Nolan Patrick David Pope Connor Chatam 40 1 2 2
PowerPlay Defense
Defense Defense Time % Phy DF OF
1 Derrick Pouliot Steven Santini 60 1 2 2
2 Ryan Culkin Colton White 40 1 2 2
Penalty Kill 4 Players Forward
Center Wing Time % Phy DF OF
1 Jake Marchment David Pope 60 1 2 2
2 Casey Mittelstadt Samuel Blais 40 1 2 2
Penalty Kill 4 Players Defense
Defense Defense Time % Phy DF OF
1 Derrick Pouliot Steven Santini 60 1 2 2
2 Ryan Culkin Colton White 40 1 2 2
Penalty Kill - 3 Players Forward
Forward Time % Phy DF OF
1 Jake Marchment 60 1 2 2
2 Casey Mittelstadt 40 1 2 2
Penalty Kill - 3 Players Defense
Defense Defense Time % Phy DF OF
1 Derrick Pouliot Steven Santini 60 1 2 2
2 Ryan Culkin Colton White 40 1 2 2
4 vs 4 Forward
Center Wing Time % Phy DF OF
1 Casey Mittelstadt David Pope 60 1 2 2
2 Alex Barre-Boulet Samuel Blais 40 1 2 2
4 vs 4 Defense
Defense Defense Time % Phy DF OF
1 Derrick Pouliot Steven Santini 60 1 2 2
2 Ryan Culkin Colton White 40 1 2 2
Last Minutes Offensive
Center Left Wing Right Wing Defense Defense
Casey Mittelstadt David Pope Sebastian Collberg Derrick Pouliot Steven Santini
Last Minutes Defensive
Center Left Wing Right Wing Defense Defense
Nolan Patrick David Pope Sebastian Collberg Derrick Pouliot Steven Santini
Goaltenders
Starting : Mike Condon
Backup : Ivan Fedotov
Extra Forwards
Normal : Connor Chatam, Casey Mittelstadt, Alexander Barabanov - PP : Connor Chatam, Casey Mittelstadt - PK : Connor Chatam
Extra Defensemen
Normal : Colton White, K'Andre Miller, Joshua Jacobs - PP : Colton White - PK : Colton White, K'Andre Miller
Penalty Shots
David Pope, Samuel Blais, Casey Mittelstadt, Sebastian Collberg, Connor Chatam
Custom OT Lines Forwards
David Pope, Samuel Blais, Jake Marchment, Sebastian Collberg, Connor Chatam, Casey Mittelstadt, Alexander Barabanov, Dryden Hunt, Nolan Patrick, Owen Tippet
Custom OT Lines Defensemen
Derrick Pouliot, Steven Santini, Ryan Culkin, Colton White, K'Andre Miller
Scratches
Ryan Poehling (Healthy), Mason Shaw (Healthy), Samuel Houde (Healthy), Joel Kiviranta (Healthy), Dylan Samberg (Healthy)
Cale Fleury (Healthy), Mikhail Vorobyev (Healthy), Will Borgen (Healthy), Andrew Peeke (Healthy), Dante Fabbro (Healthy)
Jeffrey Viel (Healthy), Yegor Korshkov (Healthy), Alexander Volkov (Healthy), Jack Drury (Healthy), Jakub Lauko (Healthy)
Martin Kaut (Healthy), Mathias Laferriere (Healthy), Samuel Ersson (Healthy), Jake Paterson (Healthy)
% Time on Ice - Crunch
Lines # - Real PCT - Wanted PCT - Time Play
Normal Forward
1 - 33% - 40% - 11:33
2 - 24% - 30% - 8:30
3 - 25% - 20% - 8:34
4 - 18% - 10% - 6:18
Normal Defense
1 - 37% - 40% - 13:04
2 - 33% - 30% - 11:25
3 - 27% - 20% - 9:33
4 - 3% - 10% - 0:53
PP Forward
1 - 58% - 60% - 5:43
2 - 42% - 40% - 4:09
PP Defense
1 - 52% - 60% - 5:09
2 - 48% - 40% - 4:43
PK Forward
1 - 77% - 60% - 10:18
2 - 23% - 40% - 3:04
PK Defense
1 - 61% - 60% - 8:06
2 - 39% - 40% - 5:16
PK3 Forward
1 - 100% - 60% - 1:51
2 - 0% - 40% - 0:00
PK3 Defense
1 - 65% - 60% - 1:12
2 - 35% - 40% - 0:39
44 Forward
1 - 0% - 60%
2 - 0% - 40%
44 Defense
1 - 0% - 60%
2 - 0% - 40%
Last Minute Offensive - 0:00
Last Minute Defensive - 0:00
Total
Forward - 60:00
Defense - 60:00
|
% Time on Ice - Wolfpack
Lines # - Real PCT - Wanted PCT - Time Play
Normal Forward
1 - 30% - 40% - 10:30
2 - 25% - 30% - 8:37
3 - 27% - 20% - 9:29
4 - 18% - 10% - 6:19
Normal Defense
1 - 39% - 40% - 13:45
2 - 32% - 30% - 11:01
3 - 26% - 20% - 9:15
4 - 3% - 10% - 0:54
PP Forward
1 - 58% - 60% - 8:49
2 - 42% - 40% - 6:24
PP Defense
1 - 51% - 60% - 7:50
2 - 49% - 40% - 7:23
PK Forward
1 - 70% - 60% - 6:50
2 - 30% - 40% - 2:58
PK Defense
1 - 68% - 60% - 6:39
2 - 32% - 40% - 3:09
PK3 Forward
1 - 100% - 60% - 0:04
2 - 0% - 40% - 0:00
PK3 Defense
1 - 100% - 60% - 0:04
2 - 0% - 40% - 0:00
44 Forward
1 - 0% - 60%
2 - 0% - 40%
44 Defense
1 - 0% - 60%
2 - 0% - 40%
Last Minute Offensive - 0:00
Last Minute Defensive - 0:00
Total
Forward - 60:00
Defense - 60:00
|
Play-by-Play
1st period
0:01 of 1st period - Casey Mittelstadt wins face-off versus Axel Holmstrom in neutral zone.
0:10 of 1st period - Snap shot by Connor Chatam.
0:10 of 1st period - Stopped by Louis Domingue without a rebound.
0:11 of 1st period - Nolan Patrick wins face-off versus Connor Bunnaman in Crunch zone.
0:12 of 1st period - Snap shot by David Pope.
0:12 of 1st period - Stopped by Louis Domingue without a rebound.
0:13 of 1st period - David Pope wins face-off versus Connor Bunnaman in Crunch zone.
0:24 of 1st period - Snap shot by David Pope.
0:24 of 1st period - Deflect By Owen Tippet.
0:24 of 1st period - Shot Blocked by Connor Bunnaman.
0:24 of 1st period - Puck is out of play.
0:25 of 1st period - Liam O'Brien wins face-off versus Alex Barre-Boulet in Crunch zone.
0:51 of 1st period - Connor Chatam is hit by Brandon Hagel and loses puck.
1:02 of 1st period - Snap shot by Robert Thomas.
1:02 of 1st period - Shot Misses the Net.
1:12 of 1st period - Wrist shot by Jeremy Bracco.
1:12 of 1st period - Shot Misses the Net.
1:14 of 1st period - Wrist shot by Sean Walker.
1:14 of 1st period - Deflect By Maxime Comtois.
1:14 of 1st period - Deflect By Samuel Blais.
1:14 of 1st period - Shot Misses the Net.
1:14 of 1st period - Puck is out of play.
1:15 of 1st period - Connor Bunnaman wins face-off versus Nolan Patrick in Wolfpack zone.
1:18 of 1st period - Snap shot by Jeremy Bracco.
1:18 of 1st period - Shot Blocked by Nolan Patrick.
1:40 of 1st period - Steven Santini is hit by Maxime Comtois and loses puck.
2:28 of 1st period - Snap shot by Nolan Patrick.
2:28 of 1st period - Shot Misses the Net.
2:30 of 1st period - Slapshot by Colton White.
2:30 of 1st period - Stopped by Louis Domingue with a rebound.
2:32 of 1st period - Slapshot by K'Andre Miller.
2:32 of 1st period - Shot Blocked by Sean Walker.
2:34 of 1st period - Slapshot by K'Andre Miller.
2:34 of 1st period - Stopped by Louis Domingue without a rebound.
2:35 of 1st period - Axel Holmstrom wins face-off versus Casey Mittelstadt in Crunch zone.
2:37 of 1st period - Minor Penalty to Gustav Lindstrom for Tripping.
2:38 of 1st period - Casey Mittelstadt wins face-off versus Axel Holmstrom in Crunch zone.
2:46 of 1st period - Snap shot by Steven Santini.
2:46 of 1st period - Shot Blocked by Dalton Thrower.
2:48 of 1st period - Slapshot by Steven Santini.
2:48 of 1st period - Deflect By Samuel Blais.
2:48 of 1st period - Shot Misses the Net.
2:48 of 1st period - Puck is out of play.
2:49 of 1st period - Axel Holmstrom wins face-off versus Casey Mittelstadt in Crunch zone.
4:37 of 1st period - Penalty to Gustav Lindstrom is over, Gustav Lindstrom is back on ice.
5:33 of 1st period - Derrick Pouliot is hit by Liam Foudy and loses puck.
6:06 of 1st period - Joshua Jacobs is hit by Jeremy Bracco and loses puck.
6:13 of 1st period - Maxime Comtois is hit by Sebastian Collberg and loses puck.
7:46 of 1st period - Wrist shot by Dryden Hunt.
7:46 of 1st period - Stopped by Louis Domingue with a rebound.
7:48 of 1st period - Wrist shot by Linus Sandin.
7:48 of 1st period - Stopped by Louis Domingue with a rebound.
7:58 of 1st period - Ryan Lindgren is hit by Steven Santini and loses puck.
8:35 of 1st period - Axel Holmstrom is hit by Owen Tippet and loses puck.
8:41 of 1st period - Icing by Robert Thomas.
8:42 of 1st period - Robert Thomas wins face-off versus Casey Mittelstadt in Crunch zone.
8:42 of 1st period - Robert Thomas is hit by Joshua Jacobs.
8:48 of 1st period - Slapshot by Samuel Blais.
8:48 of 1st period - Shot Misses the Net.
8:56 of 1st period - Brandon Hagel is hit by Connor Chatam and loses puck.
9:23 of 1st period - Off-side.
9:24 of 1st period - Liam O'Brien wins face-off versus Dryden Hunt in neutral zone.
9:54 of 1st period - Snap shot by Jake Marchment.
9:54 of 1st period - Goal by Jake Marchment - Crunch : 0 - Wolfpack : 1.
9:55 of 1st period - Axel Holmstrom wins face-off versus Casey Mittelstadt in neutral zone.
10:02 of 1st period - Slapshot by Derrick Pouliot.
10:02 of 1st period - Shot Blocked by Sean Walker.
10:04 of 1st period - Snap shot by Connor Chatam.
10:04 of 1st period - Stopped by Louis Domingue with a rebound.
10:06 of 1st period - Slapshot by Steven Santini.
10:06 of 1st period - Stopped by Louis Domingue with a rebound.
10:11 of 1st period - Minor Penalty to Axel Holmstrom for Goalie Interference.
10:12 of 1st period - Casey Mittelstadt wins face-off versus Anatoli Golyshev in Crunch zone.
10:14 of 1st period - Slapshot by Steven Santini.
10:14 of 1st period - Shot Misses the Net.
10:16 of 1st period - Snap shot by Samuel Blais.
10:16 of 1st period - Shot Blocked by Brandon Hagel.
10:51 of 1st period - Ryan Lindgren is hit by Ryan Culkin and loses puck.
11:14 of 1st period - Wrist shot by Brandon Hagel.
11:14 of 1st period - Stopped by Mike Condon without a rebound.
11:15 of 1st period - Anatoli Golyshev wins face-off versus Nolan Patrick in Wolfpack zone.
11:36 of 1st period - Wrist shot by Casey Mittelstadt.
11:36 of 1st period - Shot Misses the Net.
11:38 of 1st period - Snap shot by Derrick Pouliot.
11:38 of 1st period - Stopped by Louis Domingue with a rebound.
12:11 of 1st period - Penalty to Axel Holmstrom is over, Axel Holmstrom is back on ice.
12:28 of 1st period - Wrist shot by Liam Foudy.
12:28 of 1st period - Shot Blocked by Derrick Pouliot.
12:42 of 1st period - Wrist shot by Dryden Hunt.
12:42 of 1st period - Shot Misses the Net.
12:44 of 1st period - Slapshot by Joshua Jacobs.
12:44 of 1st period - Shot Misses the Net.
12:46 of 1st period - Wrist shot by Jake Marchment.
12:46 of 1st period - Stopped by Louis Domingue without a rebound.
12:47 of 1st period - Jake Marchment wins face-off versus Connor Bunnaman in Crunch zone.
12:48 of 1st period - Snap shot by Dryden Hunt.
12:48 of 1st period - Shot Blocked by Maxime Comtois.
12:52 of 1st period - Slapshot by Dryden Hunt.
12:52 of 1st period - Shot Misses the Net.
12:54 of 1st period - Wrist shot by Jake Marchment.
12:54 of 1st period - Deflect By Dryden Hunt.
12:54 of 1st period - Stopped by Louis Domingue without a rebound.
12:55 of 1st period - Connor Bunnaman wins face-off versus Casey Mittelstadt in Crunch zone.
13:04 of 1st period - Wrist shot by Connor Chatam.
13:04 of 1st period - Stopped by Louis Domingue with a rebound.
13:06 of 1st period - Snap shot by Ryan Culkin.
13:06 of 1st period - Shot Misses the Net.
13:08 of 1st period - Wrist shot by Casey Mittelstadt.
13:08 of 1st period - Shot Blocked by Dalton Thrower.
13:10 of 1st period - Wrist shot by Samuel Blais.
13:10 of 1st period - Goal by Samuel Blais - Crunch : 0 - Wolfpack : 2.
13:11 of 1st period - Casey Mittelstadt wins face-off versus Axel Holmstrom in neutral zone.
13:22 of 1st period - Snap shot by Axel Holmstrom.
13:22 of 1st period - Shot Blocked by Samuel Blais.
13:57 of 1st period - Off-side.
13:58 of 1st period - Alexander Barabanov wins face-off versus Liam O'Brien in neutral zone.
14:14 of 1st period - Snap shot by Sebastian Collberg.
14:14 of 1st period - Deflect By Alex Barre-Boulet.
14:14 of 1st period - Stopped by Louis Domingue with a rebound.
14:44 of 1st period - Wrist shot by Ty Dellandrea.
14:44 of 1st period - Stopped by Mike Condon with a rebound.
14:52 of 1st period - Slapshot by Nolan Patrick.
14:52 of 1st period - Stopped by Louis Domingue with a rebound.
14:54 of 1st period - Snap shot by David Pope.
14:54 of 1st period - Shot Misses the Net.
14:56 of 1st period - Backhand shot by David Pope.
14:56 of 1st period - Stopped by Louis Domingue with a rebound.
14:58 of 1st period - Wrist shot by David Pope.
14:58 of 1st period - Stopped by Louis Domingue without a rebound.
14:59 of 1st period - Axel Holmstrom wins face-off versus Casey Mittelstadt in Crunch zone.
15:30 of 1st period - Colton White is hit by Sean Walker and loses puck.
15:35 of 1st period - Slapshot by Liam Foudy.
15:35 of 1st period - Shot Misses the Net.
15:37 of 1st period - Wrist shot by Liam Foudy.
15:37 of 1st period - Shot Misses the Net.
16:27 of 1st period - Michael Downing is hit by Samuel Blais and loses puck.
16:36 of 1st period - Wrist shot by Samuel Blais.
16:36 of 1st period - Stopped by Louis Domingue with a rebound.
16:46 of 1st period - Slapshot by Liam Foudy.
16:46 of 1st period - Stopped by Mike Condon without a rebound.
16:47 of 1st period - Cam Hillis wins face-off versus Alex Barre-Boulet in Wolfpack zone.
17:34 of 1st period - Wrist shot by Ty Dellandrea.
17:34 of 1st period - Deflect By Anatoli Golyshev.
17:34 of 1st period - Stopped by Mike Condon with a rebound.
18:14 of 1st period - Wrist shot by Brandon Biro.
18:14 of 1st period - Goal by Brandon Biro - Crunch : 1 - Wolfpack : 2.
18:15 of 1st period - Axel Holmstrom wins face-off versus Casey Mittelstadt in neutral zone.
18:40 of 1st period - Derrick Pouliot is hit by Liam O'Brien and loses puck.
18:51 of 1st period - Wrist shot by Liam O'Brien.
18:51 of 1st period - Stopped by Mike Condon without a rebound.
18:52 of 1st period - Nolan Patrick wins face-off versus Axel Holmstrom in Wolfpack zone.
18:56 of 1st period - Icing by Nolan Patrick.
18:57 of 1st period - Nolan Patrick wins face-off versus Axel Holmstrom in Wolfpack zone.
19:10 of 1st period - Dalton Thrower is hit by Owen Tippet and loses puck.
19:21 of 1st period - Colton White is hit by Axel Holmstrom and loses puck.
19:52 of 1st period - Minor Penalty to Axel Holmstrom for Tripping.
19:53 of 1st period - Casey Mittelstadt wins face-off versus Connor Bunnaman in Crunch zone.
19:57 of 1st period - Slapshot by Derrick Pouliot.
19:57 of 1st period - Shot Blocked by Dalton Thrower.
19:59 of 1st period - Wrist shot by Steven Santini.
19:59 of 1st period - Shot Blocked by Sean Walker.
Goals for this period are 1 for Crunch vs 2 for Wolfpack.
Shots for this period are 6 for Crunch vs 19 for Wolfpack.
2nd period
0:01 of 2nd period - Casey Mittelstadt wins face-off versus Anatoli Golyshev in neutral zone.
0:04 of 2nd period - Brandon Hagel is hit by Samuel Blais and loses puck.
0:43 of 2nd period - Ryan Lindgren is hit by David Pope and loses puck.
1:52 of 2nd period - Penalty to Axel Holmstrom is over, Axel Holmstrom is back on ice.
2:02 of 2nd period - Snap shot by Brandon Biro.
2:02 of 2nd period - Goal by Brandon Biro - Crunch : 2 - Wolfpack : 2.
2:03 of 2nd period - Connor Bunnaman wins face-off versus Alex Barre-Boulet in neutral zone.
2:11 of 2nd period - Minor Penalty to Alexander Barabanov for Tripping.
2:12 of 2nd period - Jeremy Bracco wins face-off versus Jake Marchment in Wolfpack zone.
4:02 of 2nd period - Penalty Shot by Derrick Pouliot for Wolfpack.
4:02 of 2nd period - Backhand shot by Derrick Pouliot.
4:02 of 2nd period - Goal by Derrick Pouliot - Crunch : 2 - Wolfpack : 3.
4:03 of 2nd period - Connor Bunnaman wins face-off versus Jake Marchment in neutral zone.
4:04 of 2nd period - Jake Marchment wins face-off versus Axel Holmstrom in Wolfpack zone.
4:06 of 2nd period - Minor Penalty to Derrick Pouliot for Hooking.
4:07 of 2nd period - Axel Holmstrom wins face-off versus Jake Marchment in Wolfpack zone.
4:11 of 2nd period - Penalty to Alexander Barabanov is over, Alexander Barabanov is back on ice.
6:06 of 2nd period - Penalty to Derrick Pouliot is over, Derrick Pouliot is back on ice.
6:37 of 2nd period - Michael Downing is hit by Owen Tippet.
6:54 of 2nd period - Double Minor Penalty to Derrick Pouliot for High sticking.
6:55 of 2nd period - Axel Holmstrom wins face-off versus Jake Marchment in Wolfpack zone.
7:00 of 2nd period - Wrist shot by Brandon Hagel.
7:00 of 2nd period - Shot Misses the Net.
8:20 of 2nd period - Sean Walker is hit by Connor Chatam and loses puck.
8:25 of 2nd period - Slapshot by Dryden Hunt.
8:25 of 2nd period - Stopped by Louis Domingue without a rebound.
8:26 of 2nd period - Jake Marchment wins face-off versus Connor Bunnaman in Crunch zone.
8:35 of 2nd period - Casey Mittelstadt is hit by Connor Bunnaman and loses puck.
9:29 of 2nd period - Jake Marchment is hit by Axel Holmstrom and loses puck.
10:35 of 2nd period - Icing by Robert Thomas.
10:36 of 2nd period - Connor Bunnaman wins face-off versus Casey Mittelstadt in Crunch zone.
10:54 of 2nd period - Penalty to Derrick Pouliot is over, Derrick Pouliot is back on ice.
10:54 of 2nd period - Jake Marchment is hit by Brandon Hagel and loses puck.
11:05 of 2nd period - Derrick Pouliot is hit by Brandon Biro and loses puck.
11:12 of 2nd period - Wrist shot by Cam Hillis.
11:12 of 2nd period - Shot Blocked by Derrick Pouliot.
11:14 of 2nd period - Slapshot by Brandon Biro.
11:14 of 2nd period - Shot Blocked by Steven Santini.
11:16 of 2nd period - Backhand shot by Michael Downing.
11:16 of 2nd period - Stopped by Mike Condon with a rebound.
11:18 of 2nd period - Slapshot by Michael Downing.
11:18 of 2nd period - Stopped by Mike Condon with a rebound.
11:55 of 2nd period - Slapshot by Samuel Blais.
11:55 of 2nd period - Shot Blocked by Ryan Lindgren.
12:56 of 2nd period - Jeremy Bracco is hit by Ryan Culkin and loses puck.
13:44 of 2nd period - Alex Barre-Boulet is hit by Gustav Lindstrom and loses puck.
13:59 of 2nd period - Cam Hillis is hit by Owen Tippet and loses puck.
14:17 of 2nd period - Colton White is hit by Sean Walker and loses puck.
14:38 of 2nd period - Icing by Ryan Culkin.
14:39 of 2nd period - Cam Hillis wins face-off versus Nolan Patrick in Wolfpack zone.
14:40 of 2nd period - Wrist shot by Liam Foudy.
14:40 of 2nd period - Stopped by Mike Condon with a rebound.
14:48 of 2nd period - Scott Perunovich is hit by David Pope and loses puck.
15:09 of 2nd period - Snap shot by Axel Holmstrom.
15:09 of 2nd period - Stopped by Mike Condon with a rebound.
15:19 of 2nd period - Maxime Comtois is hit by Alex Barre-Boulet and loses puck.
15:25 of 2nd period - Minor Penalty to Gustav Lindstrom for Interference.
15:26 of 2nd period - Axel Holmstrom wins face-off versus Casey Mittelstadt in Crunch zone.
15:38 of 2nd period - Wrist shot by Casey Mittelstadt.
15:38 of 2nd period - Shot Misses the Net.
15:55 of 2nd period - Off-side.
15:56 of 2nd period - Nolan Patrick wins face-off versus Connor Bunnaman in neutral zone.
15:58 of 2nd period - Off-side.
15:59 of 2nd period - Connor Bunnaman wins face-off versus Nolan Patrick in neutral zone.
16:18 of 2nd period - Wrist shot by Connor Chatam.
16:18 of 2nd period - Shot Misses the Net.
16:46 of 2nd period - Snap shot by David Pope.
16:46 of 2nd period - Stopped by Louis Domingue with a rebound.
16:48 of 2nd period - Wrist shot by David Pope.
16:48 of 2nd period - Deflect By Connor Chatam.
16:48 of 2nd period - Shot Misses the Net.
16:48 of 2nd period - Puck is out of play.
16:49 of 2nd period - Casey Mittelstadt wins face-off versus Connor Bunnaman in Crunch zone.
17:00 of 2nd period - Snap shot by Steven Santini.
17:00 of 2nd period - Shot Blocked by Ryan Lindgren.
17:02 of 2nd period - Snap shot by Owen Tippet.
17:02 of 2nd period - Stopped by Louis Domingue without a rebound.
17:03 of 2nd period - Axel Holmstrom wins face-off versus Casey Mittelstadt in Crunch zone.
17:14 of 2nd period - Dalton Thrower is hit by Owen Tippet and loses puck.
17:25 of 2nd period - Penalty to Gustav Lindstrom is over, Gustav Lindstrom is back on ice.
17:45 of 2nd period - Slapshot by Liam O'Brien.
17:45 of 2nd period - Deflect By Anatoli Golyshev.
17:45 of 2nd period - Goal by Anatoli Golyshev - Crunch : 3 - Wolfpack : 3.
17:46 of 2nd period - Casey Mittelstadt wins face-off versus Axel Holmstrom in neutral zone.
17:57 of 2nd period - Slapshot by Dalton Thrower.
17:57 of 2nd period - Shot Misses the Net.
17:59 of 2nd period - Slapshot by Dalton Thrower.
17:59 of 2nd period - Shot Blocked by Ryan Culkin.
18:01 of 2nd period - Slapshot by Dalton Thrower.
18:01 of 2nd period - Shot Misses the Net.
19:10 of 2nd period - Slapshot by Liam O'Brien.
19:10 of 2nd period - Stopped by Mike Condon without a rebound.
19:11 of 2nd period - Liam O'Brien wins face-off versus Jake Marchment in Wolfpack zone.
19:12 of 2nd period - Snap shot by Anatoli Golyshev.
19:12 of 2nd period - Stopped by Mike Condon with a rebound.
19:24 of 2nd period - Slapshot by Dryden Hunt.
19:24 of 2nd period - Shot Misses the Net.
19:58 of 2nd period - Slapshot by David Pope.
19:58 of 2nd period - Shot Hit the Post.
Goals for this period are 2 for Crunch vs 1 for Wolfpack.
Shots for this period are 8 for Crunch vs 3 for Wolfpack.
3rd period
0:01 of 3rd period - Casey Mittelstadt wins face-off versus Axel Holmstrom in neutral zone.
0:25 of 3rd period - Icing by Nolan Patrick.
0:26 of 3rd period - Nolan Patrick wins face-off versus Connor Bunnaman in Wolfpack zone.
0:26 of 3rd period - Nolan Patrick is hit by Connor Bunnaman.
0:49 of 3rd period - Minor Penalty to Axel Holmstrom for High sticking.
0:50 of 3rd period - Anatoli Golyshev wins face-off versus Casey Mittelstadt in Crunch zone.
2:49 of 3rd period - Penalty to Axel Holmstrom is over, Axel Holmstrom is back on ice.
3:00 of 3rd period - Connor Bunnaman is hit by Colton White.
3:19 of 3rd period - Ryan Culkin is hit by Robert Thomas and loses puck.
3:36 of 3rd period - Alexander Barabanov is hit by Scott Perunovich and loses puck.
4:21 of 3rd period - Minor Penalty to Joshua Jacobs for Boarding.
4:22 of 3rd period - Axel Holmstrom wins face-off versus Jake Marchment in Wolfpack zone.
4:54 of 3rd period - Wrist shot by Samuel Blais.
4:54 of 3rd period - Goal by Samuel Blais - Crunch : 3 - Wolfpack : 4.
4:55 of 3rd period - Jake Marchment wins face-off versus Axel Holmstrom in neutral zone.
5:38 of 3rd period - Dalton Thrower is hit by Colton White and loses puck.
6:21 of 3rd period - Penalty to Joshua Jacobs is over, Joshua Jacobs is back on ice.
6:40 of 3rd period - Slapshot by Ty Dellandrea.
6:40 of 3rd period - Shot Misses the Net.
6:42 of 3rd period - Slapshot by Scott Perunovich.
6:42 of 3rd period - Shot Misses the Net.
7:16 of 3rd period - Minor Penalty to Ty Dellandrea for Slashing.
7:17 of 3rd period - Axel Holmstrom wins face-off versus Samuel Blais in Crunch zone.
7:27 of 3rd period - Snap shot by Axel Holmstrom.
7:27 of 3rd period - Stopped by Mike Condon with a rebound.
7:33 of 3rd period - Dalton Thrower is hit by Derrick Pouliot and loses puck.
9:16 of 3rd period - Penalty to Ty Dellandrea is over, Ty Dellandrea is back on ice.
9:25 of 3rd period - Derrick Pouliot is hit by Liam O'Brien and loses puck.
9:42 of 3rd period - Snap shot by Brandon Biro.
9:42 of 3rd period - Stopped by Mike Condon without a rebound.
9:43 of 3rd period - Alex Barre-Boulet wins face-off versus Connor Bunnaman in Wolfpack zone.
9:43 of 3rd period - Alex Barre-Boulet is hit by Ryan Lindgren.
9:59 of 3rd period - Alexander Barabanov is hit by Connor Bunnaman and loses puck.
10:43 of 3rd period - Minor Penalty to Michael Downing for Hooking.
10:44 of 3rd period - Samuel Blais wins face-off versus Axel Holmstrom in Crunch zone.
10:46 of 3rd period - Snap shot by Samuel Blais.
10:46 of 3rd period - Shot Misses the Net.
10:48 of 3rd period - Wrist shot by Casey Mittelstadt.
10:48 of 3rd period - Stopped by Louis Domingue without a rebound.
10:49 of 3rd period - Axel Holmstrom wins face-off versus Casey Mittelstadt in Crunch zone.
10:51 of 3rd period - Minor Penalty to Axel Holmstrom for Delaying the game.
10:52 of 3rd period - Anatoli Golyshev wins face-off versus Casey Mittelstadt in Crunch zone.
10:52 of 3rd period - Anatoli Golyshev is hit by Steven Santini.
11:03 of 3rd period - Slapshot by Dalton Thrower.
11:03 of 3rd period - Stopped by Mike Condon with a rebound.
11:27 of 3rd period - Snap shot by David Pope.
11:27 of 3rd period - Stopped by Louis Domingue without a rebound.
11:28 of 3rd period - Casey Mittelstadt wins face-off versus Anatoli Golyshev in Crunch zone.
12:43 of 3rd period - Penalty to Michael Downing is over, Michael Downing is back on ice.
12:51 of 3rd period - Penalty to Axel Holmstrom is over, Axel Holmstrom is back on ice.
13:19 of 3rd period - Alex Barre-Boulet is hit by Maxime Comtois and loses puck.
13:26 of 3rd period - Alexander Barabanov is hit by Connor Bunnaman and loses puck.
13:48 of 3rd period - Dryden Hunt is hit by Liam O'Brien and loses puck.
13:59 of 3rd period - Dalton Thrower is hit by Casey Mittelstadt and loses puck.
14:27 of 3rd period - Ryan Lindgren is hit by Steven Santini.
14:48 of 3rd period - Minor Penalty to Connor Bunnaman for Hooking.
14:49 of 3rd period - Axel Holmstrom wins face-off versus Casey Mittelstadt in Crunch zone.
14:58 of 3rd period - Snap shot by Ryan Culkin.
14:58 of 3rd period - Deflect By Samuel Blais.
14:58 of 3rd period - Shot Misses the Net.
14:58 of 3rd period - Puck is out of play.
14:59 of 3rd period - Axel Holmstrom wins face-off versus Casey Mittelstadt in Crunch zone.
15:48 of 3rd period - Snap shot by Samuel Blais.
15:48 of 3rd period - Stopped by Louis Domingue without a rebound.
15:49 of 3rd period - Nolan Patrick wins face-off versus Axel Holmstrom in Crunch zone.
15:52 of 3rd period - Wrist shot by Steven Santini.
15:52 of 3rd period - Stopped by Louis Domingue with a rebound.
15:54 of 3rd period - Slapshot by Connor Chatam.
15:54 of 3rd period - Stopped by Louis Domingue with a rebound.
15:56 of 3rd period - Slapshot by Derrick Pouliot.
15:56 of 3rd period - Stopped by Louis Domingue with a rebound.
16:00 of 3rd period - Snap shot by David Pope.
16:00 of 3rd period - Goal by David Pope - Crunch : 3 - Wolfpack : 5.
16:01 of 3rd period - Liam O'Brien wins face-off versus Alex Barre-Boulet in neutral zone.
16:14 of 3rd period - Snap shot by Liam O'Brien.
16:14 of 3rd period - Stopped by Mike Condon without a rebound.
16:15 of 3rd period - Axel Holmstrom wins face-off versus Casey Mittelstadt in Wolfpack zone.
16:22 of 3rd period - Backhand shot by Brandon Hagel.
16:22 of 3rd period - Goal by Brandon Hagel - Crunch : 4 - Wolfpack : 5.
16:23 of 3rd period - Liam O'Brien wins face-off versus Alex Barre-Boulet in neutral zone.
17:34 of 3rd period - Gustav Lindstrom is hit by Ryan Culkin and loses puck.
18:00 of 3rd period - Slapshot by Liam O'Brien.
18:00 of 3rd period - Shot Misses the Net.
18:04 of 3rd period - Wrist shot by Anatoli Golyshev.
18:04 of 3rd period - Shot Misses the Net.
18:08 of 3rd period - Wrist shot by Anatoli Golyshev.
18:08 of 3rd period - Goal by Anatoli Golyshev - Crunch : 5 - Wolfpack : 5.
18:09 of 3rd period - Alex Barre-Boulet wins face-off versus Liam O'Brien in neutral zone.
18:57 of 3rd period - Backhand shot by Gustav Lindstrom.
18:57 of 3rd period - Stopped by Mike Condon with a rebound.
19:53 of 3rd period - Wrist shot by David Pope.
19:53 of 3rd period - Stopped by Louis Domingue with a rebound.
19:55 of 3rd period - Snap shot by Alexander Barabanov.
19:55 of 3rd period - Shot Blocked by Connor Bunnaman.
19:57 of 3rd period - Wrist shot by Alexander Barabanov.
19:57 of 3rd period - Stopped by Louis Domingue without a rebound.
19:58 of 3rd period - Casey Mittelstadt wins face-off versus Axel Holmstrom in Crunch zone.
19:59 of 3rd period - Slapshot by Connor Chatam.
19:59 of 3rd period - Stopped by Louis Domingue without a rebound.
Goals for this period are 2 for Crunch vs 2 for Wolfpack.
Shots for this period are 7 for Crunch vs 11 for Wolfpack.
Overtime #1
0:01 of 1st overtime period - Jeremy Bracco wins face-off versus David Pope in neutral zone.
0:29 of 1st overtime period - Slapshot by Dalton Thrower.
0:29 of 1st overtime period - Stopped by Mike Condon with a rebound.
0:31 of 1st overtime period - Wrist shot by Dalton Thrower.
0:31 of 1st overtime period - Stopped by Mike Condon without a rebound.
0:32 of 1st overtime period - David Pope wins face-off versus Robert Thomas in Wolfpack zone.
0:37 of 1st overtime period - Snap shot by Samuel Blais.
0:37 of 1st overtime period - Shot Hit the Post.
0:50 of 1st overtime period - Icing by Dalton Thrower.
0:51 of 1st overtime period - Robert Thomas wins face-off versus David Pope in Crunch zone.
1:16 of 1st overtime period - Slapshot by Steven Santini.
1:16 of 1st overtime period - Shot Blocked by Brandon Hagel.
1:18 of 1st overtime period - Wrist shot by Jake Marchment.
1:18 of 1st overtime period - Goal by Jake Marchment - Crunch : 5 - Wolfpack : 6.
Goals for this period are 0 for Crunch vs 1 for Wolfpack.
Shots for this period are 2 for Crunch vs 1 for Wolfpack.